TOP OF THE 1ST |
---|
Chattanooga Chinpokomon batting - Pitching for Utica Unicorns : LHP Sloan Sanders | Pitching: LHP Sloan Sanders | | Batting: LHB Elvin Summers | 0-0: Called Strike 0-1: Called Strike 0-2: Foul Ball, location: 2F 0-2: Foul Ball, location: 2F 0-2: Ball 1-2: Strikes out looking | Batting: RHB Ichizo Akiyama | 0-0: Called Strike 0-1: Ball 1-1: Ball 2-1: Foul Ball, location: 2F 2-2: Foul Ball, location: 2F 2-2: Ball 3-2: Base on Balls | Batting: RHB Ricardo Salazar | 0-0: Ball 1-0: Fly out, F8 (Flyball, 8LM) | Batting: RHB Jesús Tisnado | 0-0: Called Strike 0-1: Ball 1-1: Ball 2-1: Fielders Choice at 2nd, 6-4 (Groundball, 6) | Top of the 1st over - 0 runs, 0 hits, 0 errors, 1 left on base; Chattanooga 0 - Utica 0 | BOTTOM OF THE 1ST |
---|
Utica Unicorns batting - Pitching for Chattanooga Chinpokomon : RHP Ricardo Quiñones | Pitching: RHP Ricardo Quiñones | | Batting: LHB Jesús Raugel | 0-0: SINGLE (Flyball, 89M) | Batting: RHB Marcos Castillo | 0-0: Called Strike 0-1: Ball 1-1: Ball 2-1: Fly out, F1 (Line Drive, 15) | Batting: RHB Doug Brown | 0-0: Called Strike 0-1: Ball 1-1: Ball 2-1: Ball 3-1: Foul Ball, location: 2F 3-2: Fly out, F6 (Popup, 6M) | Batting: RHB Kenny Cole | 0-0: Ball 1-0: Foul Ball, location: 2F 1-1: Ball 2-1: Ball 3-1: Base on Balls Jesús Raugel to second | Batting: LHB José Flores | 0-0: SINGLE (Groundball, 34D) (infield hit) Jesús Raugel to third Kenny Cole to second | Pinch Runner at 1st Patrick Bright: | | Batting: LHB Mitchell Oglethorpe | 0-0: Called Strike 0-1: Ball 1-1: Foul Ball, location: 2F 1-2: Ball 2-2: Ball 3-2: Base on Balls Jesús Raugel scores Kenny Cole to third Patrick Bright to second | Batting: RHB Juan Caceres | 0-0: Called Strike 0-1: Ball 1-1: Swinging Strike 1-2: Strikes out swinging | Bottom of the 1st over - 1 run, 2 hits, 0 errors, 3 left on base; Chattanooga 0 - Utica 1 | TOP OF THE 2ND |
---|
Chattanooga Chinpokomon batting - Pitching for Utica Unicorns : LHP Sloan Sanders | Now in RF: Patrick Bright | | Batting: LHB Ramiro Muñóz | 0-0: Ball 1-0: Ball 2-0: Called Strike 2-1: Called Strike 2-2: Strikes out swinging | Batting: RHB Jorge Mora | 0-0: Called Strike 0-1: Ball 1-1: Fly out, F5 (Line Drive, 5) | Batting: RHB Jeffrey Hicks | 0-0: Called Strike 0-1: Ball 1-1: Fly out, F9 (Flyball, 89M) | Top of the 2nd over - 0 runs, 0 hits, 0 errors, 0 left on base; Chattanooga 0 - Utica 1 | BOTTOM OF THE 2ND |
---|
Utica Unicorns batting - Pitching for Chattanooga Chinpokomon : RHP Ricardo Quiñones | Batting: RHB António Magana | 0-0: Called Strike 0-1: Called Strike 0-2: Strikes out swinging | Batting: LHB Raúl Morales | 0-0: Ground out 4-3 (Groundball, 4) | Batting: LHB Jesús Raugel | 0-0: Called Strike 0-1: Ball 1-1: Ground out 5-3 (Groundball, 56) | Bottom of the 2nd over - 0 runs, 0 hits, 0 errors, 0 left on base; Chattanooga 0 - Utica 1 | TOP OF THE 3RD |
---|
Chattanooga Chinpokomon batting - Pitching for Utica Unicorns : LHP Sloan Sanders | Batting: RHB John Robertson | 0-0: Ball 1-0: Swinging Strike 1-1: Ball 2-1: SINGLE (Line Drive, 8RS) | Batting: RHB Ben Barker | 0-0: Called Strike 0-1: Ball 1-1: SINGLE (Line Drive, 7LS) John Robertson to second | Batting: LHB Elvin Summers | 0-0: Called Strike 0-1: Ball 1-1: Ball 2-1: Foul Ball, location: 2F 2-2: SINGLE (Groundball, 6MS) (infield hit) John Robertson to third Ben Barker to second | Batting: RHB Ichizo Akiyama | 0-0: Called Strike 0-1: Swinging Strike 0-2: Foul Ball, location: 2F 0-2: Foul Ball, location: 2F 0-2: Ball 1-2: Strikes out swinging | Batting: RHB Ricardo Salazar | 0-0: Ball 1-0: Ball 2-0: Foul Ball, location: 2F 2-1: Called Strike 2-2: Strikes out looking | Batting: RHB Jesús Tisnado | 0-0: Foul Ball, location: 2F 0-1: Ball 1-1: Foul Ball, location: 2F 1-2: GRAND SLAM HOME RUN (Flyball, 7LD), Distance : 338 ft | Batting: LHB Ramiro Muñóz | 0-0: Ball 1-0: Foul Ball, location: 2F 1-1: Foul Ball, location: 2F 1-2: Strikes out swinging | Top of the 3rd over - 4 runs, 4 hits, 0 errors, 0 left on base; Chattanooga 4 - Utica 1 | BOTTOM OF THE 3RD |
---|
Utica Unicorns batting - Pitching for Chattanooga Chinpokomon : RHP Ricardo Quiñones | Batting: RHB Marcos Castillo | 0-0: Ball 1-0: Ball 2-0: Ball 3-0: Base on Balls | Batting: RHB Doug Brown | 0-0: Ball 1-0: Called Strike 1-1: Ball Throwing error on steal attempt, E2 Marcos Castillo to third 2-1: Swinging Strike 2-2: Ball 3-2: Strikes out swinging | Batting: RHB Kenny Cole | 0-0: Ball 1-0: Called Strike 1-1: Fly out, F7 (Flyball, 78S) Runner from 3rd tags up, SCORES, no throw | Batting: LHB Patrick Bright | 0-0: Called Strike 0-1: SINGLE (Groundball, 4) (infield hit) | Batting: LHB Mitchell Oglethorpe | 0-0: Foul Ball, location: 2F 0-1: Ball 1-1: Foul Ball, location: 2F 1-2: Foul Ball, location: 2F 1-2: Foul Ball, location: 2F 1-2: Foul Ball, location: 2F 1-2: Foul Ball, location: 2F 1-2: Foul Ball, location: 2F 1-2: Foul Ball, location: 2F 1-2: Foul Ball, location: 2F 1-2: Foul Ball, location: 2F 1-2: Ball 2-2: DOUBLE (Flyball, 78XD) Patrick Bright to third Runner from 3rd tries for Home, SAFE, no throw | Batting: RHB Juan Caceres | 0-0: Called Strike 0-1: Called Strike 0-2: Foul Ball, location: 2F 0-2: Ball 1-2: Foul Ball, location: 2F 1-2: Strikes out swinging | Bottom of the 3rd over - 2 runs, 2 hits, 1 error, 1 left on base; Chattanooga 4 - Utica 3 | TOP OF THE 4TH |
---|
Chattanooga Chinpokomon batting - Pitching for Utica Unicorns : LHP Sloan Sanders | Batting: RHB Jorge Mora | 0-0: Ball 1-0: Ground out 5-3 (Groundball, 56S) | Batting: RHB Jeffrey Hicks | 0-0: Foul Ball, location: 2F 0-1: Called Strike 0-2: Ball 1-2: Ball 2-2: Ball 3-2: Strikes out looking | Batting: RHB John Robertson | 0-0: Called Strike 0-1: Swinging Strike 0-2: Ball 1-2: Ball 2-2: SINGLE (Groundball, 4MD) | Batting: RHB Ben Barker | 0-0: Ball 1-0: Ball 2-0: Foul Ball, location: 2F 2-1: Fly out, F8 (Flyball, 78M) | Top of the 4th over - 0 runs, 1 hit, 0 errors, 1 left on base; Chattanooga 4 - Utica 3 | BOTTOM OF THE 4TH |
---|
Utica Unicorns batting - Pitching for Chattanooga Chinpokomon : RHP Ricardo Quiñones | Batting: RHB António Magana | 0-0: Swinging Strike 0-1: Ball 1-1: Called Strike 1-2: SINGLE (Groundball, 56D) | Batting: LHB Raúl Morales | 0-0: Fly out, F9 (Flyball, 9D) | Batting: LHB Jesús Raugel | 0-0: Ball 1-0: Ball 2-0: Ball 3-0: Called Strike 3-1: Foul Ball, location: 2F 3-2: Base on Balls António Magana to second | Batting: RHB Marcos Castillo | 0-0: Ball 1-0: Hit by Pitch António Magana to third Jesús Raugel to second | Batting: RHB Doug Brown | 0-0: Ball 1-0: Grounds into double play, 5-4-3 (Groundball, 56) | Bottom of the 4th over - 0 runs, 1 hit, 0 errors, 2 left on base; Chattanooga 4 - Utica 3 | TOP OF THE 5TH |
---|
Chattanooga Chinpokomon batting - Pitching for Utica Unicorns : LHP Sloan Sanders | Batting: LHB Elvin Summers | 0-0: Ground out 4-3 (Groundball, 4) | Batting: RHB Ichizo Akiyama | 0-0: Swinging Strike 0-1: Ball 1-1: Foul Ball, location: 2F 1-2: Strikes out swinging | Batting: RHB Ricardo Salazar | 0-0: Foul Ball, location: 2F 0-1: Ball 1-1: Swinging Strike 1-2: Strikes out swinging | Top of the 5th over - 0 runs, 0 hits, 0 errors, 0 left on base; Chattanooga 4 - Utica 3 | BOTTOM OF THE 5TH |
---|
Utica Unicorns batting - Pitching for Chattanooga Chinpokomon : RHP Ricardo Quiñones | Batting: RHB Kenny Cole | 0-0: Ball 1-0: Swinging Strike 1-1: Ground out 6-3 (Groundball, 6) | Batting: LHB Patrick Bright | 0-0: Ball 1-0: Ball 2-0: Ball 3-0: Called Strike 3-1: Base on Balls | Pitching: LHP Félix García | | Batting: LHB Mitchell Oglethorpe | 0-0: Ball 1-0: Ball 2-0: Swinging Strike 2-1: Called Strike 2-2: Ball 3-2: Foul Ball, location: 2F 3-2: Foul Ball, location: 2F 3-2: Strikes out looking | Batting: RHB Juan Caceres | 0-0: Called Strike 0-1: Fly out, F7 (Flyball, 7LMF) | Bottom of the 5th over - 0 runs, 0 hits, 0 errors, 1 left on base; Chattanooga 4 - Utica 3 | TOP OF THE 6TH |
---|
Chattanooga Chinpokomon batting - Pitching for Utica Unicorns : LHP Sloan Sanders | Batting: RHB Jesús Tisnado | 0-0: SINGLE (Flyball, 8LS) | Batting: LHB Ramiro Muñóz | 0-0: Ball 1-0: Swinging Strike 1-1: Ball 2-1: Grounds into double play, 6-4-3 (Groundball, 6) | Batting: RHB Jorge Mora | 0-0: Called Strike 0-1: Foul Ball, location: 2F 0-2: Ball 1-2: Foul Ball, location: 2F 1-2: Ball 2-2: Ball 3-2: Strikes out swinging | Top of the 6th over - 0 runs, 1 hit, 0 errors, 0 left on base; Chattanooga 4 - Utica 3 | BOTTOM OF THE 6TH |
---|
Utica Unicorns batting - Pitching for Chattanooga Chinpokomon : LHP Félix García | Batting: RHB António Magana | 0-0: Called Strike 0-1: Fly out, F9 (Flyball, 9LMF) | Batting: LHB Raúl Morales | 0-0: Swinging Strike 0-1: Ball 1-1: Ball 2-1: Swinging Strike 2-2: Strikes out swinging | Batting: LHB Jesús Raugel | 0-0: Ball 1-0: Ball 2-0: Swinging Strike 2-1: Ball 3-1: Foul Ball, location: 2F 3-2: Strikes out swinging | Bottom of the 6th over - 0 runs, 0 hits, 0 errors, 0 left on base; Chattanooga 4 - Utica 3 | TOP OF THE 7TH |
---|
Chattanooga Chinpokomon batting - Pitching for Utica Unicorns : LHP Sloan Sanders | Batting: RHB Jeffrey Hicks | 0-0: Ball 1-0: Foul Ball, location: 2F 1-1: Foul Ball, location: 2F 1-2: Ball 2-2: Ball 3-2: Foul Ball, location: 2F 3-2: Base on Balls | Batting: RHB John Robertson | 0-0: SINGLE (Groundball, 3D) Jeffrey Hicks to second Runner from 2nd tries for 3rd, SAFE, no throw | Pitching: RHP Mario González | | Batting: RHB Ben Barker | 0-0: Ball 1-0: Foul Ball, location: 2F 1-1: Ball 2-1: Foul Ball, location: 2F 2-2: Ball 3-2: Strikes out swinging | Batting: LHB Elvin Summers | 0-0: Ball 1-0: Ball 2-0: Ball 3-0: Base on Balls John Robertson to second | Batting: RHB Ichizo Akiyama | 0-0: Called Strike 0-1: Grounds into fielders choice 1-2 (Groundball, P) John Robertson to third Elvin Summers to second | Batting: RHB Ricardo Salazar | 0-0: Ball 1-0: SINGLE (Groundball, 6D) John Robertson scores Elvin Summers to third Ichizo Akiyama to second Runner from 3rd tries for Home, SAFE, no throw | Batting: RHB Jesús Tisnado | 0-0: Ball 1-0: Swinging Strike 1-1: Ball 2-1: Called Strike 2-2: Foul Ball, location: 2F 2-2: Ball 3-2: Foul Ball, location: 2F 3-2: Strikes out swinging | Top of the 7th over - 2 runs, 2 hits, 0 errors, 2 left on base; Chattanooga 6 - Utica 3 | BOTTOM OF THE 7TH |
---|
Utica Unicorns batting - Pitching for Chattanooga Chinpokomon : LHP Félix García | Batting: RHB Marcos Castillo | 0-0: Called Strike 0-1: Ball 1-1: Ball 2-1: Fly out, F1 (Line Drive, 15) | Batting: RHB Doug Brown | 0-0: Ball 1-0: Foul Ball, location: 2F 1-1: Ball 2-1: Ball 3-1: Base on Balls | Batting: RHB Kenny Cole | 0-0: Called Strike 0-1: Ball 1-1: Swinging Strike 1-2: Ball 2-2: Ball 3-2: SINGLE (Flyball, 78S) Doug Brown to second | Batting: LHB Patrick Bright | 0-0: Ball 1-0: Ball 2-0: Called Strike 2-1: Called Strike 2-2: Foul Ball, location: 2F 2-2: Foul Ball, location: 2F 2-2: Strikes out swinging | Batting: LHB Mitchell Oglethorpe | 0-0: Foul Ball, location: 2F 0-1: Ball 1-1: Called Strike 1-2: SINGLE (Line Drive, 56S) Doug Brown to third Kenny Cole to second | Batting: RHB Juan Caceres | 0-0: Ball 1-0: Swinging Strike 1-1: Hit by Pitch Doug Brown scores Kenny Cole to third Mitchell Oglethorpe to second | Batting: RHB António Magana | 0-0: Swinging Strike 0-1: Swinging Strike 0-2: SINGLE (Line Drive, 7S) Kenny Cole scores Mitchell Oglethorpe to third Juan Caceres to second Runner from 3rd tries for Home, SAFE, throw made home | Pitching: RHP Danny Johnston | | Batting: LHB Raúl Morales | 0-0: SINGLE (Groundball, 23) (infield hit) Juan Caceres to third António Magana to second | Batting: LHB Jesús Raugel | 0-0: Ball 1-0: Ball 2-0: Ball 3-0: Called Strike 3-1: Base on Balls Juan Caceres scores António Magana to third Raúl Morales to second | Batting: RHB Marcos Castillo | 0-0: Foul Ball, location: 2F 0-1: Foul Ball, location: 2F 0-2: Ball 1-2: Ball 2-2: Strikes out swinging | Bottom of the 7th over - 4 runs, 4 hits, 0 errors, 3 left on base; Chattanooga 6 - Utica 7 | TOP OF THE 8TH |
---|
Chattanooga Chinpokomon batting - Pitching for Utica Unicorns : RHP Mario González | Batting: LHB Ramiro Muñóz | 0-0: Called Strike 0-1: Foul Ball, location: 2F 0-2: Foul Ball, location: 2F 0-2: SINGLE (Groundball, 3D) | Batting: RHB Jorge Mora | 0-0: Called Strike 0-1: Ball 1-1: Bunted foul 1-2: Ball 2-2: Foul Ball, location: 2F 2-2: Ball 3-2: Base on Balls Ramiro Muñóz to second | Pinch Runner at 2nd Yasutoki Kojima: | | Batting: RHB Jeffrey Hicks | 0-0: Ball 1-0: Called Strike 1-1: Ball 2-1: Ball 3-1: Called Strike 3-2: Base on Balls Yasutoki Kojima to third Jorge Mora to second | Batting: RHB John Robertson | 0-0: Called Strike 0-1: Foul Ball, location: 2F 0-2: Strikes out looking | Batting: RHB Ben Barker | 0-0: Foul Ball, location: 2F 0-1: Ball 1-1: SINGLE (Line Drive, 5D) Yasutoki Kojima scores Jorge Mora to third Jeffrey Hicks to second | Batting: LHB Elvin Summers | 0-0: Called Strike 0-1: SINGLE (Groundball, 6MD) Jorge Mora scores Jeffrey Hicks to third Ben Barker to second Runner from 3rd tries for Home, SAFE, throw made home | Pitching: RHP Don Wiggins | | Batting: RHB Ichizo Akiyama | 0-0: Grounds into double play, 6-4-3 (Groundball, 6) | Top of the 8th over - 3 runs, 3 hits, 0 errors, 1 left on base; Chattanooga 9 - Utica 7 | BOTTOM OF THE 8TH |
---|
Utica Unicorns batting - Pitching for Chattanooga Chinpokomon : RHP Danny Johnston | Now at 3B: William Hamilton | | Batting: RHB Doug Brown | 0-0: Ground out 5-3 (Groundball, 56S) | Batting: RHB Kenny Cole | 0-0: Ball 1-0: Foul Ball, location: 2F 1-1: Swinging Strike 1-2: SINGLE (Line Drive, 8LS) | Batting: LHB Patrick Bright | 0-0: Foul Ball, location: 2F 0-1: Foul Ball, location: 2F 0-2: Ball 1-2: Ball 2-2: Ball 3-2: Strikes out swinging Kenny Cole steals 2nd base Batter strikes out. | Batting: LHB Mitchell Oglethorpe | 0-0: Called Strike 0-1: Called Strike 0-2: Ball 1-2: Foul Ball, location: 2F 1-2: Ball 2-2: Ball 3-2: Ground out 1-3 (Groundball, 13S) | Bottom of the 8th over - 0 runs, 1 hit, 0 errors, 1 left on base; Chattanooga 9 - Utica 7 | TOP OF THE 9TH |
---|
Chattanooga Chinpokomon batting - Pitching for Utica Unicorns : RHP Don Wiggins | Batting: RHB Ricardo Salazar | 0-0: Called Strike 0-1: Foul Ball, location: 2F 0-2: Ball 1-2: Ball 2-2: Strikes out swinging | Batting: RHB Jesús Tisnado | 0-0: Ball 1-0: Ball 2-0: Called Strike 2-1: Ball 3-1: Base on Balls | Batting: SHB William Hamilton | 0-0: SINGLE (Groundball, 4MD) Jesús Tisnado to second | Batting: RHB Jorge Mora | 0-0: Ball 1-0: Grounds into double play, 6-4-3 (Groundball, 6) | Top of the 9th over - 0 runs, 1 hit, 0 errors, 1 left on base; Chattanooga 9 - Utica 7 | BOTTOM OF THE 9TH |
---|
Utica Unicorns batting - Pitching for Chattanooga Chinpokomon : RHP Danny Johnston | Pitching: LHP Bob Quested | | Batting: RHB Juan Caceres | 0-0: Ball 1-0: SOLO HOME RUN (Flyball, 9D), Distance : 367 ft | Batting: RHB António Magana | 0-0: Ball 1-0: Ball 2-0: Ball 3-0: Base on Balls | Batting: LHB Raúl Morales | 0-0: Ball 1-0: Bunted foul 1-1: Reached on error, E1 (Groundball, 13) António Magana to third | Pinch Hitting: RHB Héctor Jiménez | 0-0: Foul Ball, location: 2F 0-1: DOUBLE (Line Drive, 89D) António Magana scores Raúl Morales scores | Saturday, December 16th, 2017 - OOTP Baseball 18.8 Build 76 |
|